 Dungeon Crawl Stone Soup version 0.28-a0-514-g0d7ab7f379 (webtiles) character file.

Game seed: 2884138860175809212

4701 heikuro the Cleaver (level 10, -11/89 HPs)
             Began as a Minotaur Berserker on Sept 23, 2021.
             Was an Elder of Trog.
             Mangled by Urug (22 damage)
             ... on level 9 of the Dungeon.
             The game lasted 00:15:41 (9914 turns).

heikuro the Cleaver (Minotaur Berserker)            Turns: 9914, Time: 00:15:42

Health: -11/89     AC: 17    Str: 27    XL:     10   Next: 21%
Magic:  9/9        EV: 12    Int: 10    God:    Trog [****..]
Gold:   297        SH: 10    Dex: 14    Spells: 9/9 levels left

rFire   . . .      SeeInvis .   a - +1 hand axe (vamp)
rCold   . . .      Faith    .   E - +0 kite shield
rNeg    + . .      Spirit   .   C - quicksilver dragon scales of the Moon {Will+ Str+4 Int+3 Dex+2}
rPois   +          Reflect  .   (helmet restricted)
rElec   .          Harm     .   R - +1 cloak
rCorr   .          Rampage  .   p - +0 pair of gloves
Will    +....                   z - +0 pair of boots
Stlth   +.........              (no amulet)
HPRegen 0.24/turn               N - ring "Afileis" {rN+ Int+3}
MPRegen 0.11/turn               q - ring of poison resistance

@: lethally poisoned (-11 -> -19), on berserk cooldown, slowed, very slow
A: horns 2, retaliatory headbutt
a: Renounce Religion, Berserk, Trog's Hand, Brothers in Arms


You were on level 9 of the Dungeon.
You worshipped Trog.
Trog was greatly pleased with you.
You visited 2 branches of the dungeon, and saw 11 of its levels.
You also visited: Sewer.

You collected 297 gold pieces.

Inventory:

Hand Weapons
 a - a +1 vampiric hand axe (weapon)
 r - a +2 executioner's axe
 S - a +0 vorpal hand axe
Missiles
 G - 6 silver boomerangs (quivered)
Armour
 p - a +0 pair of gloves (worn)
 z - a +0 pair of boots (worn)
 C - the quicksilver dragon scales of the Moon (worn) {Will+ Str+4 Int+3 Dex+2}
   (You found it on level 4 of the Dungeon)

   Str:       It affects your strength (+4).
   Int:       It affects your intelligence (+3).
   Dex:       It affects your dexterity (+2).
   Will:      It increases your willpower.
 E - a +0 kite shield (worn)
 R - a +1 cloak (worn)
Jewellery
 q - a ring of poison resistance (right hand)
 N - the ring "Afileis" (left hand) {rN+ Int+3}
   (You found it on level 7 of the Dungeon)

   [ring of positive energy]

   Int:       It affects your intelligence (+3).
   rN:        It protects you from negative energy.
Wands
 i - a wand of iceblast (7)
 I - a wand of polymorph (9)
 O - a wand of charming (20)
 P - a wand of flame (37)
Scrolls
 f - 2 scrolls of noise {unknown}
 g - 2 scrolls of silence {unknown}
 j - a scroll of holy word {unknown}
 l - a scroll of immolation {unknown}
 m - a scroll of acquirement {unknown}
 u - a scroll of blinking {unknown}
 w - a scroll of enchant weapon {unknown}
 y - 2 scrolls of enchant armour {unknown}
 D - 2 scrolls of teleportation {unknown}
 H - 2 scrolls of fear {unknown}
 J - 2 scrolls of magic mapping {unknown}
 K - a scroll of amnesia {unknown}
 L - 2 scrolls of fog {unknown}
 M - a scroll of torment {unknown}
Potions
 c - 2 potions of haste
 d - 2 potions of ambrosia
 e - 4 potions of resistance
 h - 2 potions of heal wounds
 k - 8 potions of curing
 n - a potion of might {unknown}
 o - 2 potions of degeneration {unknown}
 s - 3 potions of flight
 t - a potion of cancellation {unknown}
 v - 3 potions of invisibility
 x - a potion of experience {unknown}
 A - 2 potions of attraction {unknown}
 B - a potion of lignification {unknown}
 F - 2 potions of brilliance {unknown}
 Q - 2 potions of mutation {unknown}


   Skills:
 + Level 8.3 Fighting
 * Level 11.3 Axes
 + Level 7.9 Armour
 + Level 7.2 Dodging
 + Level 6.1 Shields


You had 9 spell levels left.
You didn't know any spells.
Your spell library was empty.

Dungeon Overview and Level Annotations

Branches:
Dungeon (10/15)            Temple (1/1) D:5             Orc (0/2) D:10
  Sewer (visited)
   Lair: D:8-11

Altars:
Ashenzari
Cheibriados
Dithmenos
Elyvilon
Fedhas
Gozag
Hepliaklqana
Kikubaaqudgha
Makhleb
Nemelex Xobeh
Okawaru
Qazlal
Ru
Sif Muna
Trog
Uskayaw
Vehumet
Wu Jian
Xom
Yredelemnul
Zin
The Shining One
Lugonu

Shops:
D:6 (

Annotations:
D:9 Urug
D:10 Sonja


Innate Abilities, Weirdness & Mutations

You have a pair of horns on your head.
You reflexively headbutt those who attack you in melee.


Message History

You hit Urug.
Urug is lightly wounded.
Urug hits you with a +3 demon trident of venom!!
You barely miss Urug.
Urug is lightly wounded.
Okay, then.
Unknown command.
You hit Urug.
Urug is lightly wounded.
Urug barely misses you.
You slash Urug!
You feel better.
Urug is moderately wounded.
You completely miss Urug. You headbutt Urug.
Urug is heavily wounded.
Urug misses you. You furiously retaliate!
You headbutt Urug, but do no damage. You barely miss Urug.
Your headbutt misses Urug.
Urug is heavily wounded.
You slash Urug!
You feel better.
You headbutt Urug!
Urug is almost dead.
Urug hits you with a +3 demon trident of venom!
You closely miss Urug. Your headbutt misses Urug.
Urug is almost dead.
You are no longer berserk.
You are exhausted.
You feel yourself slow down. You block Urug's attack.
You hit Urug but do no damage. You headbutt Urug.
Urug is almost dead.
Urug hits you with a +3 demon trident of venom!
You are poisoned.
You fail to use your ability.
You feel very sick. You block Urug's attack.
Unknown command.
Your ogre goes berserk!
Trog will no longer gift you weapons.
You feel very sick.
Urug hits you with a +3 demon trident of venom!
* * * LOW HITPOINT WARNING * * *
Urug hits you with a +3 demon trident of venom!!
You die...

#.########...#
#.....)'_'...###..
#.# #...#
#....#######......
#.# #...# #....#
### #...... #.#
#...#
#....#######.###..
#.# #...#
#............# #..
#.# #...#
#(...).....### #.†
#.# #...#
#..........# #..
#.# #.(.#
#.o........# #..
#.# #...#
#@.[)......# #..
#.# #...#
#.O[)......# #..
#.# #...#
#.[[[......# #..
#.# #...#
#..........# #..
#.# #..)#
#..........# #..
#.# #.<.#
#..........# #..
#.# #...#
#..........# #..
#.# #...#
#..........# #..
#.# #...#
#..........# #..


You could see Urug (ally target) and a friendly ogre (summoned, berserk).

Vanquished Creatures
  A two-headed ogre (D:8)
  A hornet (D:8)
  2 wyverns
  Sigmund (D:4)
  Eustachio (D:4)
  2 steam dragons
  3 water moccasins
  A black bear (D:5)
  3 orc warriors (D:9)
  A sky beast (D:7)
  3 necrophages
  3 centaurs
  A phantom (D:5)
  4 bullfrogs
  A gnoll sergeant (D:5)
  A scorpion (D:4)
  A wyvern skeleton (D:7)
  2 howler monkeys
  A crimson imp (D:6)
  A centaur zombie (D:8)
  2 hounds
  3 jellies
  4 orc priests
  2 centaur skeletons (D:6)
  A bullfrog skeleton (D:5)
  2 iguanas
  Natasha (thrice) (D:2)
  10 orc wizards
  A killer bee zombie (D:7)
  2 hound skeletons
  Robin (D:3)
  A howler monkey zombie (D:8)
  7 adders
  5 gnolls
  10 river rats
  A shadow imp (D:5)
  An ufetubus (D:6)
  A worm (D:2)
  A dart slug (D:2)
  30 orcs
  8 ball pythons
  3 bats (D:2)
  9 endoplasms
  5 giant cockroaches
  19 goblins
  10 hobgoblins
  3 jackals (D:1)
  7 kobolds
  6 quokkas
  8 frilled lizards
  7 rats
207 creatures vanquished.

Vanquished Creatures (others)
  An orc (D:8)
  A bush (D:5)
  4 fungi (D:4)
6 creatures vanquished.

Grand Total: 213 creatures vanquished

Notes
Turn   | Place    | Note
-------+----------+-------------------------------------------
     0 | D:1      | heikuro the Minotaur Berserker began the quest for the Orb.
     0 | D:1      | Reached XP level 1. HP: 19/19 MP: 0/0
   259 | D:1      | Reached XP level 2. HP: 26/27 MP: 1/1
   283 | D:1      | Reached skill level 4 in Axes
   649 | D:1      | Found a faded altar of an unknown god.
  1055 | D:2      | Reached XP level 3. HP: 33/33 MP: 2/2
  1197 | D:2      | Reached ** piety under Trog
  1797 | D:2      | Noticed Natasha
  1811 | D:2      | Killed Natasha
  1812 | D:2      | Reached XP level 4. HP: 40/40 MP: 3/3
  1989 | D:2      | Noticed Natasha
  1995 | D:2      | Killed Natasha
  2015 | D:2      | Noticed Natasha
  2020 | D:2      | Killed Natasha
  2021 | D:2      | Reached skill level 5 in Axes
  2267 | D:3      | Noticed Robin
  2278 | D:3      | Reached XP level 5. HP: 42/47 MP: 4/4
  2279 | D:3      | Killed Robin
  2461 | D:3      | Found a shadowy altar of Dithmenos.
  2482 | D:3      | Reached *** piety under Trog
  2483 | D:3      | Found a glowing drain.
  2495 | Sewer    | Entered a sewer
  2641 | Sewer    | Reached XP level 6. HP: 55/55 MP: 5/5
  2856 | Sewer    | Reached skill level 5 in Fighting
  3008 | D:3      | Reached skill level 6 in Axes
  3505 | D:3      | Found a radiant altar of Vehumet.
  3509 | D:3      | Found a bloodstained altar of Trog.
  3509 | D:3      | Found a blossoming altar of Fedhas.
  3510 | D:3      | Found a snail-covered altar of Cheibriados.
  3826 | D:4      | Identified the quicksilver dragon scales of the Moon {Will+
                  | Str+4 Int+3 Dex+2}
  4013 | D:4      | Reached **** piety under Trog
  4212 | D:4      | Noticed Sigmund
  4220 | D:4      | Killed Sigmund
  4221 | D:4      | Reached XP level 7. HP: 39/61 MP: 6/6
  4482 | D:4      | Found a broken altar of Ashenzari.
  4482 | D:4      | Found a hazy altar of Hepliaklqana.
  4502 | D:4      | Found an ornate altar of the Wu Jian Council.
  4504 | D:4      | Found a stormy altar of Qazlal.
  4506 | D:4      | Found a faded altar of an unknown god.
  4582 | D:5      | Entered Level 5 of the Dungeon
  4649 | D:5      | Reached skill level 7 in Axes
  4792 | D:5      | Reached skill level 1 in Shields
  5017 | D:5      | Noticed Eustachio
  5062 | D:4      | Reached skill level 5 in Armour
  5098 | D:4      | Killed Eustachio
  5283 | D:5      | Reached XP level 8. HP: 70/70 MP: 7/7
  5343 | D:5      | Reached skill level 8 in Axes
  5343 | D:5      | Reached skill level 5 in Dodging
  5393 | D:5      | Found a staircase to the Ecumenical Temple.
  5408 | Temple   | Entered the Ecumenical Temple
  6103 | D:6      | Found Cileo's Antique Weapon Emporium.
  6112 | D:6      | Found an ancient bone altar of Kikubaaqudgha.
  6194 | D:6      | Found a burning altar of Makhleb.
  6194 | D:6      | Found a shimmering altar of Xom.
  6388 | D:6      | Found a glowing golden altar of the Shining One.
  6529 | D:6      | Found a white marble altar of Elyvilon.
  6626 | D:6      | Found a basalt altar of Yredelemnul.
  6695 | D:7      | Reached skill level 9 in Axes
  6869 | D:7      | Reached XP level 9. HP: 79/79 MP: 8/8
  6871 | D:7      | Identified the ring "Afileis" {rN+ Int+3}
  7966 | D:8      | Reached skill level 10 in Axes
  8079 | D:8      | Reached skill level 5 in Shields
  8760 | D:8      | Noticed a two-headed ogre
  8782 | D:8      | Killed a two-headed ogre
  8790 | D:8      | Reached ***** piety under Trog
  9029 | D:9      | Reached XP level 10. HP: 88/88 MP: 9/9
  9094 | D:9      | Reached skill level 11 in Axes
  9130 | D:9      | Received a gift from Trog
  9161 | D:9      | Found a sacrificial altar of Ru.
  9848 | D:10     | Entered Level 10 of the Dungeon
  9848 | D:10     | Found a staircase to the Orcish Mines.
  9857 | D:10     | Noticed Sonja
  9894 | D:10     | Noticed Urug
  9914 | D:9      | Mangled by Urug

Illustrated notes

Levels and vault maps discovered:
D:1:      heliophobic_arrival_dark_side_of_the_moon, layout_basic,
          shapermc_ecumenical_altar_mp_urbaneastern
D:2:      layout_loops_ring, grunt_ministairs_4, uniq_natasha
D:3:      layout_basic, mainiacjoe_overflow_catwalk, minitemple,
          portal_sewer_entry_b, ebering_dispersal_statue_hall, uniq_robin
D:4:      layout_basic, chequers_temple_overflow_minitemple, serial_aquarium,
          aquarium_bridge_square [aquarium_subvault_bridge,
          aquarium_subvault_wall, aquarium_subvault_bridge,
          aquarium_subvault_wall], aquarium_window_1, aquarium_window_1,
          aquarium_window_corridor_1, aquarium_view_2f, uniq_sigmund
D:5:      layout_rooms, minmay_temple_entry_grid, kb_lookout_dungeons_type,
          uniq_eustachio
D:6:      layout_loops_ring, grunt_temple_overflow_champion_of_chaos,
          kennysheep_ying_yang, mainiacjoe_overflow_alcove_2,
          mainiacjoe_overflow_tiny_flanked, serial_shops, shop,
          minmay_door_square
D:7:      layout_basic
D:8:      layout_basic, minmay_misc_feat_square
D:9:      layout_long_grid, lemuel_doored_altar
D:10:     layout_cave_pools, orc_0_dummy, uniq_urug, uniq_sonja, uniq_snorg
Temple:   corrupted_temple

Skill      XL: |  1  2  3  4  5  6  7  8  9 10 |
---------------+-------------------------------+-----
Axes           | 4 5 6 7 9 10 11 | 11.3
Fighting       | 4 5 6 7 8 |  8.3
Armour         | 3 4 5 6 7 |  7.9
Dodging        | 3 4 5 6 7 |  7.2
Shields        | 2 4 5 6 |  6.1

Action                   |  1- 3 |  4- 6 |  7- 9 | 10-12 || total
-------------------------+-------+-------+-------+-------++-------
Melee: Hand axe          |    85 |    29 |   238 |    61 ||   413
       Headbutt          |    16 |    18 |    57 |    17 ||   108
       Battleaxe         |       |   106 |     7 |       ||   113
Invok: Berserk           |     1 |     1 |     9 |     3 ||    14
       Brothers in Arms  |       |       |       |     1 ||     1
  Use: Scroll            |       |       |     5 |     1 ||     6
Armor: Ring mail         |    32 |    60 |       |       ||    92
       Quicksilver drago |       |     8 |   133 |    33 ||   174
Dodge: Dodged            |    43 |    89 |   110 |    39 ||   281
Block: Kite shield       |       |       |   116 |    34 ||   150

Table legend: (Time is in decaauts)
 A = Elapsed time spent in this place.
 B = Non-inter-level travel time spent in this place.
 C = Inter-level travel time spent in this place.
 D = Time resting spent in this place.
 E = Time spent auto-exploring this place.
 F = Levels seen in this place.
 G = Mean time per level.
                   A        B        C        D        E       F      G
               +--------+--------+--------+--------+--------+-----+--------+
         Total |  10184 |   9663 |    521 |   1799 |   5220 |  12 |  848.7 |
       Dungeon |   9581 |   9071 |    510 |   1670 |   5077 |  10 |  958.1 |
        Temple |     39 |     28 |     11 |      0 |     22 |   1 |   39.0 |
         Sewer |    563 |    563 |      0 |    129 |    121 |   1 |  563.0 |
               +--------+--------+--------+--------+--------+-----+--------+

Top non-repeatable levels by time:
     D:8: 1324 daAuts
     D:2: 1215 daAuts
     D:4: 1104 daAuts
     D:1: 1072 daAuts
     D:5: 1068 daAuts
     D:7: 1047 daAuts
     D:3: 1035 daAuts
     D:9: 870 daAuts
     D:6: 834 daAuts
   Sewer: 563 daAuts
  Temple: 39 daAuts
    D:10: 8 daAuts
